[Event "Titled Tuesday Blitz October 11 Late 2022"]
[White "Meunier-Pion, Jean"]
[Black "Torres Boch, Jose Francisco"]
[WhiteFideId "20685327"]
[BlackFideId "2278383"]
[WhiteElo "2124"]
[BlackElo "2073"]
[Result "0-1"]
[Round "04"]
[TimeControl "180+1"]
[Date "2022.10.12"]
[WhiteClock "0:00:02"]
[BlackClock "0:00:09"]

1. e4 e5 2. Nf3 Nc6 3. Bb5 a6 4. Ba4 Nf6 5. d3 d6 6. c3 g6 7. O-O Bg7 8. Nbd2 O-O 9. Re1 b5 10. Bb3 Be6 11. Bc2 d5 12. a4 d4 13. Nf1 b4 14. Bd2 a5 15. c4 Nd7 16. b3 Nc5 17. Bg5 Bf6 18. Bh6 Bg7 19. Bg5 f6 20. Bh4 Qd7 21. Qd2 Kf7 22. Bd1 Ke7 23. Rb1 Kd8 24. h3 Kc8 25. N1h2 h5 26. Bg3 Kb7 27. Rf1 g5 28. h4 Bh6 29. hxg5 fxg5 30. Nxe5 Nxe5 31. Bxe5 Rf4 32. Qb2 Rd8 33. Bxf4 gxf4 34. Qc2 Rg8 35. Bxh5 Bh3 36. f3 Rxg2+ 37. Qxg2 Bxg2 38. Kxg2 Nxd3 39. Bg4 Qe7 40. Bf5 Qh4 41. Ng4 Qg3+ 42. Kh1 Bg5 43. Rbd1 Qh3+ 44. Nh2 Qh6 45. Rxd3 Bh4 46. Rxd4 Bg3 47. Rd2 Qf6 48. Bg4 Qc3 49. Rfd1 Qxb3 50. Rd5 Qxa4 51. Rb5+ Ka7 0-1


[Site "https://www.chess.com"]

[Event "Titled Tuesday Blitz October 11 Late 2022"]
[White "Migot, Tangi"]
[Black "Kobla, Vishal"]
[WhiteFideId "662445"]
[BlackFideId "2078457"]
[WhiteElo "2502"]
[BlackElo "1972"]
[Result "0-1"]
[Round "04"]
[TimeControl "180+1"]
[Date "2022.10.12"]
[WhiteClock "0:00:37"]
[BlackClock "0:00:11"]

1. e4 c5 2. Nf3 Nc6 3. Bb5 e6 4. O-O Nge7 5. c3 a6 6. Ba4 b5 7. Bc2 d5 8. e5 d4 9. Be4 Bb7 10. d3 Qc7 11. Bf4 Ng6 12. Bg3 Be7 13. c4 b4 14. Nbd2 O-O 15. Re1 a5 16. h4 Rfd8 17. h5 Nf8 18. Nf1 a4 19. N1h2 Rd7 20. Ng4 Re8 21. Qd2 Qd8 22. Bf4 Na5 23. g3 Bxe4 24. Rxe4 Nc6 25. Kg2 Rb7 26. Rh1 Kh8 27. Bg5 Bxg5 28. Nxg5 h6 29. Nh3 Nh7 30. f4 Ne7 31. Qe2 Nf5 32. Nhf2 Rd7 33. Qd1 Qa8 34. Kh2 Red8 35. Rhe1 Qc6 36. Nh3 Qa8 37. Nhf2 Qc6 38. Qe2 Qa8 39. Nd1 Qc6 40. Ngf2 Nf8 41. g4 Ne7 42. Nh3 Nh7 43. Ndf2 Ra7 44. Ng1 Qd7 45. Nf3 Qe8 46. Nh1 Qf8 47. Ng3 Rad7 48. Rf1 Rb7 49. f5 exf5 50. gxf5 Ng5 51. Nxg5 hxg5 52. f6 Ng8 53. Qg4 gxf6 54. exf6 Qh6 55. Rf5 Nxf6 56. Qf3 Nxe4 57. Nxe4 g4 58. Qxg4 Rg8 59. Qf3 Re7 60. Qf4 Qxf4+ 61. Rxf4 Re5 62. Nf6 Rgg5 63. Kh3 Rgf5 64. Kg4 Rxf4+ 65. Kxf4 Re2 66. b3 Rxa2 67. bxa4 b3 68. Ne4 b2 69. Nd2 Ra1 0-1


[Site "https://www.chess.com"]

[Event "Titled Tuesday Blitz October 11 Late 2022"]
[White "Milosevic, Milos"]
[Black "Goryachkina, Aleksandra"]
[WhiteFideId "964875"]
[BlackFideId "4147103"]
[WhiteElo "2321"]
[BlackElo "2484"]
[Result "0-1"]
[Round "04"]
[TimeControl "180+1"]
[Date "2022.10.12"]
[WhiteClock "0:00:13"]
[BlackClock "0:01:11"]

1. e4 e6 2. d4 d5 3. Nc3 Bb4 4. e5 c5 5. a3 Bxc3+ 6. bxc3 Ne7 7. Qg4 cxd4 8. cxd4 Qc7 9. Bd2 Qxc2 10. Rc1 Qe4+ 11. Qxe4 dxe4 12. Bb4 Nbc6 13. Bb5 Bd7 14. Ne2 Nxb4 15. Bxd7+ Kxd7 16. axb4 Rhc8 17. Kd2 f5 18. g4 g6 19. gxf5 gxf5 20. Nf4 Rxc1 21. Rxc1 a6 22. Ke3 Rc8 23. Rxc8 Nxc8 24. d5 exd5 25. Nxd5 Ne7 26. Nf4 Nc6 27. e6+ Kd6 28. h4 Nxb4 29. Kd4 Nc6+ 30. Kc4 b5+ 31. Kb3 0-1


[Site "https://www.chess.com"]

[Event "Titled Tuesday Blitz October 11 Late 2022"]
[White "Mirzoev, Azer"]
[Black "Jorquera, Marcelo"]
[WhiteFideId "13400304"]
[BlackFideId "3401197"]
[WhiteElo "2525"]
[BlackElo "2136"]
[Result "1-0"]
[Round "04"]
[TimeControl "180+1"]
[Date "2022.10.12"]
[WhiteClock "0:00:58"]
[BlackClock "0:00:05"]

1. c4 Nf6 2. Nc3 g6 3. g3 Bg7 4. Bg2 O-O 5. e4 d6 6. Nge2 c5 7. O-O Nc6 8. d3 Rb8 9. h3 a6 10. a4 Nd4 11. Nxd4 cxd4 12. Ne2 Nd7 13. b4 a5 14. b5 Nc5 15. f4 f5 16. exf5 gxf5 17. Ra2 e5 18. Kh2 Kh8 19. fxe5 dxe5 20. Ba3 Qc7 21. Ng1 b6 22. Raf2 Bd7 23. Bd5 f4 24. g4 Rbc8 25. Nf3 Qd6 26. Ng5 Qg6 27. Ne4 Nxe4 28. Bxe4 Qh6 29. Bxf8 Bxf8 30. Qf3 Be7 31. Rg2 Bh4 32. Rfg1 Rg8 33. Bf5 Be8 34. Qd5 Bg3+ 35. Rxg3 fxg3+ 36. Rxg3 Qf6 37. Rf3 Qg7 38. Be6 Rf8 39. Rxf8+ Qxf8 40. Qxe5+ Qg7 41. Qxg7+ Kxg7 42. Kg3 Kf6 43. Bf5 h6 44. Kf4 Bf7 45. h4 Be8 46. g5+ hxg5+ 47. hxg5+ Ke7 48. Ke5 1-0


[Site "https://www.chess.com"]

[Event "Titled Tuesday Blitz October 11 Late 2022"]
[White "Naroditsky, Daniel"]
[Black "Girel, Joseph"]
[WhiteFideId "2026961"]
[BlackFideId "36033561"]
[WhiteElo "2628"]
[BlackElo "2281"]
[Result "1-0"]
[Round "04"]
[TimeControl "180+1"]
[Date "2022.10.11"]
[WhiteClock "0:00:30"]
[BlackClock "0:00:09"]

1. e4 e5 2. Nf3 Nc6 3. Bb5 Nf6 4. O-O Nxe4 5. d4 Nd6 6. Ba4 e4 7. Ne5 Be7 8. Nc3 O-O 9. Re1 Bf6 10. Bf4 Re8 11. Nxe4 Nxe4 12. Rxe4 Ne7 13. Nxf7 Kxf7 14. Qh5+ Kg8 15. Bxc7 g6 16. Qf3 Qxc7 17. Qxf6 Qd8 18. Rae1 Rf8 19. Qxe7 Qa5 20. Bb3+ d5 21. Re5 Bf5 22. Rxd5 1-0


[Site "https://www.chess.com"]

[Event "Titled Tuesday Blitz October 11 Late 2022"]
[White "Noboa Silva, Kevin"]
[Black "Leiva, Gianmarco"]
[WhiteFideId "3618471"]
[BlackFideId "3804399"]
[WhiteElo "2564"]
[BlackElo "2754"]
[Result "1/2-1/2"]
[Round "04"]
[TimeControl "180+1"]
[Date "2022.10.12"]
[WhiteClock "0:00:04"]
[BlackClock "0:00:12"]

1. d4 Nf6 2. c4 e6 3. Nc3 Bb4 4. a3 Bxc3+ 5. bxc3 c5 6. f3 Nc6 7. e4 d6 8. Be3 Qa5 9. Qd2 O-O 10. Bd3 Qc7 11. Ne2 b6 12. O-O Ba6 13. Bg5 Nd7 14. f4 f6 15. Bh4 Na5 16. d5 e5 17. Qa2 Rae8 18. f5 g5 19. Bf2 h5 20. a4 Kf7 21. Be3 Rh8 22. Kf2 Reg8 23. Ke1 Rg7 24. Nc1 Ke8 25. Qe2 Nf8 26. Rb1 Qd7 27. Ra1 Kd8 28. Kd2 Nh7 29. Kc2 Bc8 30. Nb3 Nxb3 31. Kxb3 a5 32. Ka3 Qa7 33. Rab1 Nf8 34. Rb3 Rb7 35. Rfb1 Bd7 36. Bc2 Be8 37. R3b2 Nd7 38. Bf2 Kc7 39. Bb3 Kc8 40. Rh1 Nb8 41. Rhb1 Rg7 42. Bc2 Nd7 43. Be3 Kc7 44. Qd1 Qa6 45. Qe2 h4 46. Bd3 Bh5 47. Qd2 Be8 48. Qc2 Rgh7 49. Qb3 Rg7 50. Be2 Bh5 51. Bd3 Bg4 52. Rd2 Kb7 53. Rbb2 Ka7 54. Rb1 Rb8 55. Rdb2 Bh5 56. Bf1 Be8 57. Bd3 Nf8 58. Bf1 Qc8 59. Bd3 Rgb7 60. Qc2 Qd7 61. Be2 Qh7 62. Bd3 Qh5 63. Be2 Qh7 64. Bd3 Bh5 65. Bf1 Qd7 66. Bd3 Nh7 67. Bf1 Qg7 68. Bd3 Qg8 69. Bf1 Nf8 70. Be2 Bxe2 71. Qxe2 Rg7 72. Rb5 Qf7 73. Qb2 Qc7 74. Qc2 Nd7 75. R1b3 Rh8 76. Qb2 Rhg8 77. Qc2 Rh7 78. Rb1 Rb8 79. R5b2 Rb7 80. Qb3 Nb8 81. Qc2 Qd7 82. Rb5 Qd8 83. Qb3 Na6 84. Qc2 Nc7 85. R5b2 Qd7 86. Bg1 Rh8 87. Be3 Qf7 88. Bd2 Qh5 89. Qd1 Qf7 90. Qe2 Qe8 91. Be3 Rb8 92. Qd1 Qc8 93. Rb3 Qa6 94. Qe2 Rh7 95. Qd3 Ne8 96. Rb5 Ng7 97. R1b2 Nh5 98. Qb1 Nf4 99. Qf1 Qc8 100. Qb1 Rbb7 101. Qf1 Qc7 102. Qb1 Qd8 103. Qf1 Rhg7 104. Qb1 Rge7 105. Qf1 Rb8 106. Qb1 Reb7 107. Qf1 Qe8 108. g3 hxg3 109. hxg3 Nh5 110. Rh2 Rg7 111. Qh3 Nf4 112. gxf4 exf4 113. Bd2 Qxe4 114. Qf1 Qxf5 115. Qb1 Qxb1 116. Rxb1 Re8 117. Rg1 Re4 118. Rf2 Rxc4 119. Rxf4 Rxf4 120. Bxf4 Rd7 121. Be3 Kb7 122. c4 Re7 123. Bd2 Re2 124. Bc3 Re4 125. Kb3 Rf4 126. Rg2 Rf3 127. Kc2 g4 128. Rxg4 Kc8 129. Rg7 Rf2+ 130. Kb3 Rf3 131. Rf7 f5 132. Kc2 Rf2+ 133. Kd3 Rf3+ 134. Kd2 Rf4 135. Kd3 Rf3+ 136. Kc2 Rf2+ 137. Bd2 Rf3 138. Rg7 Ra3 139. Bf4 Rxa4 140. Kb3 Rb4+ 141. Kc3 a4 142. Bxd6 Rb3+ 143. Kc2 Rb4 144. Kc3 Rb3+ 145. Kc2 Rb4 146. Rc7+ Kd8 147. Kc3 Rb3+ 148. Kc2 Rb4 149. Kc3 Rb3+ 150. Kc2 Rb4 1/2-1/2


[Site "https://www.chess.com"]

[Event "Titled Tuesday Blitz October 11 Late 2022"]
[White "Nozdrachev, Leonid"]
[Black "Mikhailov, Viacheslav"]
[WhiteFideId "24113433"]
[BlackFideId "4187369"]
[WhiteElo "2542"]
[BlackElo "2710"]
[Result "0-1"]
[Round "04"]
[TimeControl "180+1"]
[Date "2022.10.12"]
[WhiteClock "0:00:01"]
[BlackClock "0:01:15"]

1. d4 Nf6 2. c4 g6 3. Nf3 Bg7 4. g3 O-O 5. Bg2 d6 6. O-O Nc6 7. Nc3 Bf5 8. d5 Nb4 9. Nd4 Bd7 10. a3 Na6 11. b4 c5 12. dxc6 bxc6 13. Nxc6 Bxc6 14. Bxc6 Rc8 15. Bb5 Nc7 16. Bd2 Nxb5 17. cxb5 Qd7 18. a4 Qh3 19. f3 Nh5 20. Ne4 Bd4+ 21. e3 Bxa1 22. Qxa1 Rc2 23. Qd4 Rfc8 24. g4 Nf6 25. Nf2 Qxf3 26. g5 e5 27. Qxd6 Ne4 28. Nxe4 Qxe4 29. Qd7 Rf8 30. Rf2 Qh4 31. e4 Qxe4 32. Qxa7 Rxd2 33. Rxd2 Qe1+ 34. Kg2 Qxd2+ 35. Qf2 Qxb4 36. b6 Qxa4 37. Qc5 Qe4+ 38. Kh3 Qf3+ 39. Kh4 Qf4+ 40. Kh3 Rd8 41. b7 Rd3+ 42. Kg2 Qf3+ 0-1


[Site "https://www.chess.com"]

[Event "Titled Tuesday Blitz October 11 Late 2022"]
[White "O`Gorman, Tom"]
[Black "Rabineau, Clement"]
[WhiteFideId "2508249"]
[BlackFideId "628891"]
[WhiteElo "2271"]
[BlackElo "2237"]
[Result "1-0"]
[Round "04"]
[TimeControl "180+1"]
[Date "2022.10.12"]
[WhiteClock "0:01:43"]
[BlackClock "0:00:05"]

1. e4 d6 2. d4 g6 3. Nc3 Bg7 4. Be2 Nc6 5. Be3 e5 6. dxe5 Bxe5 7. Qd2 Nf6 8. Nf3 Bxc3 9. Qxc3 O-O 10. Bd3 Ng4 11. Bg5 f6 12. Bd2 Nge5 13. O-O-O a5 14. Kb1 Be6 15. h4 Nb4 16. a3 c5 17. Nxe5 fxe5 18. Bc4 Qd7 19. Bxe6+ Qxe6 20. axb4 axb4 21. Qb3 c4 22. Qxb4 d5 23. Rh3 d4 24. Be1 c3 25. Qb3 Qxb3 26. cxb3 cxb2 27. Kxb2 Rf4 28. f3 Rc8 29. Rc1 Rxc1 30. Kxc1 Rf6 31. Rh1 Rc6+ 32. Kb2 Kf7 33. Bg3 Ke6 34. h5 Rc3 35. hxg6 hxg6 36. Rh7 Re3 37. Rxb7 Re2+ 38. Ka3 Rxg2 39. Rb6+ Kf7 40. Bxe5 d3 41. Rd6 Rf2 42. Rxd3 Ke6 43. f4 g5 44. Rd6+ Ke7 45. Rf6 gxf4 46. Rxf4 Re2 47. Bd4 Ke6 48. Kb4 Rc2 49. Rf6+ 1-0


[Site "https://www.chess.com"]

[Event "Titled Tuesday Blitz October 11 Late 2022"]
[White "Obrien, Matthew"]
[Black "Winterberg, Lukas"]
[WhiteFideId "2059150"]
[BlackFideId "24622702"]
[WhiteElo "2535"]
[BlackElo "2349"]
[Result "0-1"]
[Round "04"]
[TimeControl "180+1"]
[Date "2022.10.12"]
[WhiteClock "0:00:06"]
[BlackClock "0:00:12"]

1. e4 Nf6 2. e5 Nd5 3. d4 d6 4. Bc4 Nb6 5. Bb3 e6 6. Nf3 Be7 7. Bf4 O-O 8. Nc3 d5 9. Qd2 c5 10. dxc5 Bxc5 11. O-O-O a5 12. a4 Nc6 13. Nb5 Bd7 14. c3 Ne7 15. Kb1 Bxb5 16. axb5 a4 17. Bc2 Ng6 18. Be3 Nc4 19. Qd3 Bxe3 20. fxe3 Qb6 21. Nd4 Ncxe5 22. Qe2 a3 23. b3 Rfc8 24. h4 Rxc3 25. h5 Nf8 26. h6 g6 27. Qf2 Nfd7 28. Rhf1 a2+ 29. Ka1 Rac8 30. Rd2 Qc5 31. Kb2 Qb4 32. Ka1 R3c7 33. g4 Qc3+ 34. Kxa2 Ra8+ 0-1


[Site "https://www.chess.com"]

[Event "Titled Tuesday Blitz October 11 Late 2022"]
[White "Onslow, Alfie"]
[Black "Sztokbant, Bernardo Vainzoff"]
[WhiteFideId "436976"]
[BlackFideId "2115956"]
[WhiteElo "2015"]
[BlackElo "2171"]
[Result "0-1"]
[Round "04"]
[TimeControl "180+1"]
[Date "2022.10.12"]
[WhiteClock "0:00:56"]
[BlackClock "0:00:51"]

1. e4 c5 2. Nc3 Nc6 3. Bb5 e6 4. Bxc6 dxc6 5. f4 Nf6 6. Nf3 Be7 7. O-O b6 8. d3 Qc7 9. a4 Bb7 10. Qe1 O-O-O 11. a5 b5 12. a6 Ba8 13. Be3 Nd7 14. e5 f5 15. Ne2 h6 16. c4 b4 17. d4 g5 18. fxg5 hxg5 19. Bxg5 Bxg5 20. Nxg5 cxd4 21. Nxe6 Qxe5 22. Nxd8 Qxh2+ 23. Kf2 Qh4+ 24. Kg1 Qh2+ 25. Kf2 Nf6 26. Rh1 Ng4+ 27. Kf3 c5+ 28. Nb7 Ne5+ 29. Kf2 Nd3+ 30. Kf1 Qxh1+ 31. Ng1 Nxe1 0-1


[Site "https://www.chess.com"]

[Event "Titled Tuesday Blitz October 11 Late 2022"]
[White "Osmonbekov, Talaibek"]
[Black "Dilmukhametov, Artur"]
[WhiteFideId "2017253"]
[BlackFideId "24179922"]
[WhiteElo "2135"]
[BlackElo "2197"]
[Result "0-1"]
[Round "04"]
[TimeControl "180+1"]
[Date "2022.10.12"]
[WhiteClock "0:00:08"]
[BlackClock "0:01:57"]

1. d4 d5 2. Bf4 c5 3. e3 Nc6 4. Nc3 cxd4 5. exd4 Bf5 6. Nf3 e6 7. Bb5 Nf6 8. Ne5 Rc8 9. O-O Bb4 10. Ne2 O-O 11. Ng3 Bg6 12. Bg5 Be7 13. Nxg6 hxg6 14. c3 Qb6 15. Qe2 Na5 16. Bd3 Nc4 17. Rab1 a5 18. h4 a4 19. h5 gxh5 20. Nxh5 Qd8 21. g3 g6 22. Nf4 Kg7 23. Bxg6 Qd6 24. Bd3 Rh8 25. Kg2 Ne4 26. Bxe7 Qxe7 27. Bxc4 Rxc4 28. Rh1 Rxh1 29. Rxh1 Qg5 30. f3 Qxg3+ 31. Kf1 Qxf4 32. Ke1 Qc1+ 33. Qd1 Qxd1+ 0-1


[Site "https://www.chess.com"]

[Event "Titled Tuesday Blitz October 11 Late 2022"]
[White "Owen, Michael"]
[Black "Garmash, Aliona"]
[WhiteFideId "7104820"]
[BlackFideId "34127620"]
[WhiteElo "1943"]
[BlackElo "1980"]
[Result "0-1"]
[Round "04"]
[TimeControl "180+1"]
[Date "2022.10.12"]
[WhiteClock "0:00:01"]
[BlackClock "0:00:05"]

1. e4 c5 2. Nf3 d6 3. d4 cxd4 4. Nxd4 Nf6 5. Nc3 a6 6. Be3 e5 7. Nb3 Be7 8. f3 Be6 9. Qd2 h5 10. O-O-O Nbd7 11. Nd5 Nxd5 12. exd5 Bf5 13. Bd3 Bxd3 14. Qxd3 Bg5 15. Kb1 Bxe3 16. Qxe3 O-O 17. h4 Rc8 18. g4 hxg4 19. fxg4 Qc7 20. Rd2 Nb6 21. Qe4 Qc4 22. Qf5 Nxd5 23. Re1 Nb4 24. h5 Qf4 25. Qxf4 exf4 26. Re4 Nc6 27. Rxf4 Rfe8 28. c3 Ne5 29. Rxd6 Nc4 30. Rd1 Re2 31. Nd4 Rxb2+ 32. Ka1 Rg2 33. Nf5 Rc7 34. Rd8+ Kh7 35. Nd4 Na3 36. Rf1 Rxc3 37. Nb3 Rcc2 38. Nc1 Rb2 39. Nb3 Rxa2# 0-1


[Site "https://www.chess.com"]

[Event "Titled Tuesday Blitz October 11 Late 2022"]
[White "P., Komal Kishore"]
[Black "Lopez Del Alamo, Antonio"]
[WhiteFideId "5016703"]
[BlackFideId "2227339"]
[WhiteElo "2104"]
[BlackElo "2175"]
[Result "1-0"]
[Round "04"]
[TimeControl "180+1"]
[Date "2022.10.12"]
[WhiteClock "0:00:19"]
[BlackClock "0:00:20"]

1. e4 c5 2. Nf3 e6 3. c3 Nf6 4. e5 Nd5 5. d4 d6 6. exd6 Bxd6 7. dxc5 Bxc5 8. c4 Bb4+ 9. Bd2 Bxd2+ 10. Qxd2 Nc7 11. Qxd8+ Kxd8 12. Nc3 a6 13. O-O-O+ Ke7 14. Bd3 Nc6 15. Rhe1 Kf8 16. Be4 g6 17. Na4 Kg7 18. Nb6 Rb8 19. g4 h6 20. h4 Na8 21. Nd7 Bxd7 22. Rxd7 Nb6 23. Bxc6 bxc6 24. Rc7 Nxc4 25. Rxe6 Rhc8 26. Rexc6 Rxc7 27. Rxc7 Nxb2 28. Ne5 Kf6 29. Nd7+ Ke7 30. Nxb8+ Kd6 31. Rxf7 Nd3+ 32. Kd2 Ne5 33. Rf6+ Ke7 34. Rxa6 Nxg4 35. Rxg6 Nxf2 36. Rxh6 Ne4+ 37. Kc2 Kf7 38. a4 1-0


[Site "https://www.chess.com"]

[Event "Titled Tuesday Blitz October 11 Late 2022"]
[White "Pakleza, Zbigniew"]
[Black "Sargsyan, Anna M."]
[WhiteFideId "1119290"]
[BlackFideId "13308130"]
[WhiteElo "2411"]
[BlackElo "2284"]
[Result "1-0"]
[Round "04"]
[TimeControl "180+1"]
[Date "2022.10.11"]
[WhiteClock "0:00:02"]
[BlackClock "0:00:04"]

1. d4 d5 2. Bf4 Nf6 3. e3 Bf5 4. c4 c6 5. Nc3 e6 6. Qb3 Qc8 7. Rc1 dxc4 8. Bxc4 Nbd7 9. h3 Be7 10. Nf3 O-O 11. O-O Nb6 12. Be2 Nbd5 13. Bh2 Nxc3 14. bxc3 Ne4 15. c4 Rd8 16. Rfd1 b6 17. Ne5 f6 18. Nd3 Bg6 19. a4 Bf7 20. a5 bxa5 21. Qa4 Bd6 22. Bxd6 Nxd6 23. Qxa5 e5 24. c5 Nb7 25. Qa4 exd4 26. exd4 Qc7 27. Bf3 Na5 28. Rc3 Rab8 29. Nb4 Rxb4 30. Qxb4 Rb8 31. Qa3 Nb3 32. d5 Na5 33. dxc6 Qd8 34. Rxd8+ Rxd8 35. Qxa5 1-0


[Site "https://www.chess.com"]

[Event "Titled Tuesday Blitz October 11 Late 2022"]
[White "Pasti, Aron"]
[Black "Melikyan, Gnel"]
[WhiteFideId "785857"]
[BlackFideId "54109990"]
[WhiteElo "2477"]
[BlackElo "2680"]
[Result "1-0"]
[Round "04"]
[TimeControl "180+1"]
[Date "2022.10.12"]
[WhiteClock "0:00:08"]
[BlackClock "0:00:03"]

1. e4 d6 2. d4 Nf6 3. Nc3 e5 4. Nf3 Nc6 5. Bc4 Be7 6. O-O O-O 7. a4 Bg4 8. dxe5 Nxe5 9. Be2 Nxf3+ 10. Bxf3 Qd7 11. h3 Bxf3 12. Qxf3 Qe6 13. Bf4 Rfe8 14. Rfe1 Nd7 15. Nd5 Rac8 16. Rad1 Bf6 17. c3 Be5 18. Qg3 a6 19. Bxe5 Nxe5 20. f4 Nc4 21. b3 Nb6 22. Nxb6 cxb6 23. c4 Rc6 24. Rd5 h6 25. f5 Qf6 26. Qd3 Qh4 27. Re2 Qf4 28. g3 Qc1+ 29. Kg2 Qa3 30. Rd2 Qc1 31. Rd1 Qa3 32. Rd2 Qb4 33. f6 g6 34. Qe3 Kh7 35. h4 h5 36. g4 hxg4 37. h5 Re5 38. hxg6+ Kxg6 39. Qf4 Qc3 40. Qxg4+ Kxf6 41. Rf2+ Ke7 42. Qh4+ Ke8 43. Qh8+ Ke7 44. Qh4+ Ke8 45. Qh8+ Ke7 46. Qg7 Kd7 47. Rxf7+ Kc8 48. Qf8+ 1-0


[Site "https://www.chess.com"]

[Event "Titled Tuesday Blitz October 11 Late 2022"]
[White "Pert, Richard G"]
[Black "Schrik, Rachid"]
[WhiteFideId "404748"]
[BlackFideId "1009818"]
[WhiteElo "2441"]
[BlackElo "2098"]
[Result "1-0"]
[Round "04"]
[TimeControl "180+1"]
[Date "2022.10.12"]
[WhiteClock "0:00:31"]
[BlackClock "0:00:03"]

1. d4 Nf6 2. Bg5 d5 3. e3 c5 4. Bxf6 gxf6 5. dxc5 e5 6. Nc3 Be6 7. Qf3 e4 8. Qh5 Bxc5 9. Nxe4 Bb4+ 10. c3 dxe4 11. cxb4 Nc6 12. Bb5 Qb6 13. Qc5 Qc7 14. Ne2 O-O-O 15. Bxc6 Qxc6 16. Nd4 Qxc5 17. bxc5 a5 18. b3 Rd5 19. Rc1 Kb8 20. a3 f5 21. g3 h5 22. b4 h4 23. Kd2 Rhd8 24. Kc3 Bd7 25. gxh4 Rc8 26. Kb2 Rh8 27. Rhg1 Rxh4 28. b5 f4 29. Rg8+ Kc7 30. b6# 1-0


[Site "https://www.chess.com"]

[Event "Titled Tuesday Blitz October 11 Late 2022"]
[White "Petrovic, Aleksa"]
[Black "Gubajdullin, Alexei"]
[WhiteFideId "967629"]
[BlackFideId "4141202"]
[WhiteElo "2437"]
[BlackElo "2621"]
[Result "1-0"]
[Round "04"]
[TimeControl "180+1"]
[Date "2022.10.12"]
[WhiteClock "0:00:25"]
[BlackClock "0:00:19"]

1. d4 Nf6 2. c4 g6 3. Nc3 Bg7 4. e4 d6 5. Be2 O-O 6. Nf3 Na6 7. O-O e5 8. Re1 c6 9. Bf1 Bg4 10. d5 c5 11. h3 Bd7 12. Re2 Kh8 13. Ne1 Ng8 14. Nd3 f5 15. exf5 gxf5 16. f4 e4 17. Nf2 Qh4 18. Kh2 Nf6 19. g3 Qh6 20. Be3 Rg8 21. Bg2 Nh5 22. Nh1 Nb4 23. Rd2 Bf6 24. a3 Nd3 25. Rxd3 exd3 26. Qxd3 Rg7 27. Rg1 Rag8 28. Bf3 Re7 29. Ne2 Rge8 30. Bc1 Bg7 31. Kg2 Nf6 32. Nf2 Ne4 33. Nc3 Nxf2 34. Kxf2 Qxh3 35. Rh1 Qxh1 36. Bxh1 Re1 37. Bf3 Rxc1 38. Ne2 Ra1 39. b4 b6 40. bxc5 bxc5 41. Qb3 Bf6 42. Qb7 Re7 43. Qb8+ Kg7 44. Qxd6 Rxa3 45. Qxc5 Rd3 46. d6 Rd2 47. dxe7 Bd4+ 48. Qxd4+ Rxd4 49. Nxd4 Kf7 50. Bc6 Kxe7 51. Bxd7 Kxd7 52. Nxf5 a5 53. Nd4 a4 54. Ke3 Kd6 55. Kd3 Kc5 56. Kc3 a3 57. Nb3+ Kd6 58. Kb4 a2 59. Ka3 h5 60. Kxa2 h4 61. gxh4 Kc6 62. c5 Kd5 63. h5 Ke6 64. h6 Kf5 65. c6 Kg4 66. c7 Kf3 67. c8=Q Ke4 68. h7 Kd3 69. h8=Q Ke2 70. Qe5+ Kf3 71. Qh3+ Kf2 72. Qee3# 1-0


[Site "https://www.chess.com"]

[Event "Titled Tuesday Blitz October 11 Late 2022"]
[White "Pham, Le Thao Nguyen"]
[Black "Machidon, Cristi"]
[WhiteFideId "12401226"]
[BlackFideId "13904590"]
[WhiteElo "2282"]
[BlackElo "2312"]
[Result "1-0"]
[Round "04"]
[TimeControl "180+1"]
[Date "2022.10.12"]
[WhiteClock "0:01:11"]
[BlackClock "0:01:02"]

1. g3 e5 2. Bg2 Nf6 3. d3 d5 4. Nf3 Bd6 5. O-O O-O 6. Re1 Re8 7. Nc3 c6 8. e4 h6 9. Bd2 a5 10. a3 a4 11. exd5 cxd5 12. Nb5 Nc6 13. Nxd6 Qxd6 14. d4 e4 15. Bf4 Qd8 16. Ne5 Qb6 17. Nxc6 bxc6 18. Bc1 Bg4 19. Qd2 Bf3 20. Bf1 Re7 21. Rb1 Rae8 22. Qb4 Qa7 23. b3 Rb7 24. Qc3 axb3 25. cxb3 Qb6 26. a4 Ra8 27. Bd2 Nd7 28. a5 Qc7 29. Rec1 Nb8 30. b4 Qd6 31. Bf4 Qe6 32. Bxb8 Raxb8 33. a6 Rb6 34. Qc5 1-0


[Site "https://www.chess.com"]

[Event "Titled Tuesday Blitz October 11 Late 2022"]
[White "Pinheiro, Iung Alicio de O."]
[Black "Bluebaum, Matthias"]
[WhiteFideId "2104350"]
[BlackFideId "24651516"]
[WhiteElo "2283"]
[BlackElo "2633"]
[Result "1-0"]
[Round "04"]
[TimeControl "180+1"]
[Date "2022.10.11"]
[WhiteClock "0:00:10"]
[BlackClock "0:00:09"]

1. g3 d5 2. Bg2 Nf6 3. Nf3 Bg4 4. O-O e6 5. c4 c6 6. b3 Bd6 7. Bb2 Nbd7 8. d4 O-O 9. Nc3 Qe7 10. h3 Bh5 11. a4 Bb4 12. g4 Bg6 13. Nh4 Be4 14. Nxe4 Nxe4 15. Nf3 f5 16. gxf5 exf5 17. e3 f4 18. exf4 Rxf4 19. Ne5 Nxe5 20. dxe5 Nxf2 21. Qe2 Raf8 22. cxd5 cxd5 23. Bxd5+ Kh8 24. Bg2 Qh4 25. Qe3 b6 26. Rac1 Bc5 27. Rxc5 bxc5 28. e6 Qe7 29. Be5 R4f5 30. Bg3 Nxh3+ 31. Bxh3 Rxf1+ 32. Bxf1 h6 33. Bc4 Rf5 34. Qe4 Qg5 35. Kg2 Rf8 36. e7 Re8 37. Qe6 Qxe7 38. Qg6 Qe4+ 39. Qxe4 Rxe4 40. Kf3 Re8 41. Bd6 Rc8 42. Ke4 g5 43. Be6 Re8 44. Kf5 Kh7 45. Bxc5 g4 46. Bd6 h5 47. Bf7 Rd8 48. Be7 Rd7 49. Ke6 Rxe7+ 50. Kxe7 Kh6 51. Be6 Kg5 52. b4 h4 53. b5 h3 54. a5 Kh4 55. b6 axb6 56. axb6 g3 57. b7 g2 58. b8=Q g1=Q 59. Qf4+ Kh5 60. Bf7+ Qg6 61. Bxg6+ Kxg6 62. Qg4+ Kh6 63. Qxh3+ Kg5 64. Qf3 Kh4 65. Qg2 Kh5 66. Kf6 Kh4 67. Kf5 Kh5 68. Qg5# 1-0


[Site "https://www.chess.com"]

[Event "Titled Tuesday Blitz October 11 Late 2022"]
[White "Preotu, Razvan"]
[Black "Trent, Lawrence"]
[WhiteFideId "2613280"]
[BlackFideId "408638"]
[WhiteElo "2710"]
[BlackElo "2540"]
[Result "1-0"]
[Round "04"]
[TimeControl "180+1"]
[Date "2022.10.12"]
[WhiteClock "0:00:10"]
[BlackClock "0:00:15"]

1. e4 c5 2. Nf3 Nc6 3. Bb5 Nf6 4. Nc3 Qc7 5. O-O Nd4 6. Re1 a6 7. Bf1 e5 8. d3 d6 9. Bg5 Be7 10. Bxf6 Bxf6 11. Nd5 Qd8 12. c3 Nxf3+ 13. Qxf3 Be6 14. Nxf6+ Qxf6 15. Qxf6 gxf6 16. d4 cxd4 17. cxd4 Rc8 18. d5 Bd7 19. Re3 f5 20. exf5 Bxf5 21. Rb3 Rc7 22. a4 Ke7 23. a5 Rhc8 24. f3 Bd7 25. Bd3 f5 26. Kf2 h6 27. h4 Rf8 28. Rb4 Bc8 29. Ke2 Rc5 30. g4 fxg4 31. fxg4 Rxd5 32. g5 hxg5 33. hxg5 Rh8 34. Be4 Rh2+ 35. Kf3 Rh3+ 36. Ke2 Bg4+ 37. Ke1 Re3+ 38. Kf2 Re2+ 39. Kg3 Rd4 40. Rxd4 exd4 41. Bxb7 Be6 42. Bxa6 Rxb2 43. Kf4 Rf2+ 44. Ke4 Rg2 45. Bb7 Rg4+ 46. Kf3 Rxg5 47. a6 Rf5+ 48. Kg3 Rg5+ 49. Kf2 Rf5+ 50. Kg3 Rg5+ 51. Kh4 Rg4+ 52. Kh5 Rg8 53. a7 Kf6 54. a8=Q Rg7 55. Qf8+ Bf7+ 56. Kh4 Rh7+ 57. Kg3 Rg7+ 58. Kf4 Rg8 59. Qxd6+ Be6 60. Qe5+ Kf7 61. Ra7 Rg4+ 62. Kf3 Kf8 63. Qxe6 Rf4+ 64. Kxf4 1-0


[Site "https://www.chess.com"]

[Event "Titled Tuesday Blitz October 11 Late 2022"]
[White "Prieto Aranguren, Alain"]
[Black "Burke, Paul"]
[WhiteFideId "2268906"]
[BlackFideId "2605767"]
[WhiteElo "2209"]
[BlackElo "1879"]
[Result "0-1"]
[Round "04"]
[TimeControl "180+1"]
[Date "2022.10.12"]
[WhiteClock "0:00:43"]
[BlackClock "0:00:07"]

1. e4 e5 2. f3 Nc6 3. c3 Nf6 4. d4 exd4 5. cxd4 d5 6. e5 Nh5 7. Be3 g6 8. Nc3 Ng7 9. g4 Ne6 10. Qd2 h6 11. h4 Be7 12. h5 g5 13. Nge2 Bb4 14. Ng3 Ng7 15. Bd3 Be6 16. Bc2 Qe7 17. a3 Bxc3 18. bxc3 Na5 19. Qe2 Nc4 20. Bc1 O-O 21. Nf5 Bxf5 22. gxf5 f6 23. e6 Nd6 24. f4 Ndxf5 25. fxg5 fxg5 26. a4 Qxe6 27. Ba3 Qxe2+ 28. Kxe2 Ng3+ 29. Kd3 Rf3+ 30. Kd2 Nxh1 31. Rxh1 Rf2+ 32. Kc1 Re8 33. Bd3 Nf5 34. Kb1 Ng3 35. Rg1 Ne4 36. Ka1 Nxc3 37. Bb2 Nxa4 38. Ba3 Re3 39. Rd1 Nc3 40. Bc2 Rxc2 41. Rd2 Rxd2 42. Bc1 Nb5 43. Bxd2 Rd3 44. Bb4 Rxd4 45. Bc5 Rh4 46. Bxa7 Rxh5 47. Bb8 Rh1+ 48. Kb2 g4 49. Bxc7 h5 50. Bf4 h4 51. Kb3 g3 52. Kb4 g2 53. Be3 g1=Q 54. Bxg1 Rxg1 55. Kxb5 h3 56. Kc5 h2 57. Kd6 h1=Q 58. Ke5 Qh5+ 59. Kd6 Rg6+ 60. Kc5 Qe2 61. Kb4 Qe4+ 62. Kc5 Rc6+ 63. Kb5 Qc4+ 64. Ka5 Ra6# 0-1


[Site "https://www.chess.com"]